 Dungeon Crawl Stone Soup version 0.14.1 (webtiles) character file.

383 Heini the Covered (level 5, 0/48 HPs)
             Began as a Hill Orc Fighter on May 1, 2014.
             Slain by an ogre
             ... wielding a +0,+0 giant spiked club
              (7 damage)
             ... on Level 4 of the Dungeon.
             The game lasted 00:08:25 (3471 turns).

Heini the Covered (Hill Orc Fighter)                Turns: 3471, Time: 00:08:25

HP   0/48        AC 12     Str 25      XL: 5   Next: 96%
MP   5/5         EV  7     Int  8      God:
Gold 164         SH 19     Dex 10      Spells:  0 memorised,  4 levels left

rFire  . . .     SeeInvis .     a - +1,+0 war axe
rCold  . . .     Clarity  .     b - +0 scale mail
rNeg   . . .     Conserve .     c - +0 shield
rPois  .         rCorr    .     k - +1 helmet
rElec  .         rRot     .     (no cloak)
SustAb . .       Spirit   .     l - +0 pair of gloves
rMut   .         Warding  .     t - +0 pair of boots
Saprov + . .     Stasis   .     (no amulet)
MR     .....                    (no ring)
                                (no ring)

@: mighty, not resistant to hostile enchantments, extremely unstealthy
A: saprovore 1
a: no special abilities


You were on level 4 of the Dungeon.
You were hungry.

You visited 1 branch of the dungeon, and saw 4 of its levels.

You collected 164 gold pieces.

Inventory:

Hand weapons
 a - a +1,+0 war axe (weapon)
Armour
 b - a +0 scale mail (worn)
 c - a +0 shield (worn)
 k - a +1 helmet (worn)
 l - a +0 pair of gloves (worn)
 t - a +0 pair of boots (worn)
Magical devices
 p - a wand of flame (24) {unknown}
Comestibles
 d - 5 meat rations
 g - 2 bread rations
 h - a choko
 j - 3 chunks of orc flesh
 r - a pear
 C - 2 rotting chunks of orc flesh
Scrolls
 i - a scroll of identify
 m - 3 scrolls of remove curse
 n - a scroll of teleportation
 s - a scroll of immolation {unknown}
 w - a scroll of fog {unknown}
 y - a scroll of fear {unknown}
 D - a scroll of random uselessness {unknown}
Jewellery
 f - an uncursed ring of fire
Potions
 q - a potion of resistance
 u - a potion of restore abilities
 v - a potion of invisibility
 A - a potion of paralysis {unknown}
 B - a potion of curing {unknown}
Books
 x - a Young Poisoner's Handbook

   Spells                             Type                      Level
   Sting                              Conjuration/Poison           1
   Cure Poison                        Poison                       2
   Mephitic Cloud                     Conjuration/Poison/Air       3
   Olgreb's Toxic Radiance            Poison                       4
   Venom Bolt                         Conjuration/Poison           5


   Skills:
 * Level 5.1 Fighting
 * Level 4.7 Axes
 * Level 5.2 Armour
 - Level 3.2 Shields


You had 4 spell levels left.
You didn't know any spells.

Dungeon Overview and Level Annotations

Branches:
Dungeon (4/15)
 Temple: D:4-7

Altars:

Shops:
D:4 (


Innate Abilities, Weirdness & Mutations

You can tolerate rotten meat.


Message History

Press: ? - help, v - describe, . - travel
Here: an ogre, wielding a giant spiked club The floor.
Unknown command.
An orc comes into view. It is wielding a whip.
The orc shouts!
Found Elushrack's Weapon Shop.
You are feeling hungry.
Some of the chunks of flesh in your inventory have completely rotted away.
Drink which item? (? for menu, Esc to quit)
You feel very mighty all of a sudden.
The ogre hits you with a giant spiked club!
You slash the ogre!
The ogre is heavily wounded.
The ogre hits you with a giant spiked club!
* * * LOW HITPOINT WARNING * * *
You closely miss the ogre.
The ogre is heavily wounded.
The ogre hits you with a giant spiked club!
You die...

,, ,*,**** , , ,,*,,,*
,,,, ,,,,** ***** ,,**
*** * *,**,***,*#### *
*,,,***,**#..# * *,,**
##,,#..## *****,**
#.#####.# ,,,,,*
#..#.#@### ,,,,,*
#....##O.# , ,, ,*
###....#o###
,,,,,,***#..........#**
,,,,,,,,,#.∩.#....##..#*
,,,,,,,,*#....O..## ..#*
,,,,,,,,*####...###,*
#.# ,, ., ,,* #.o...#**
,*** ,,,?o.,, #.....#
**,,*


You could see an ogre and an orc.

Vanquished Creatures
  An orc priest (D:3)
  4 gnolls (D:3)
  An inept feature mimic (D:3)
  6 adders
  2 giant geckos
  3 oozes
  8 orcs
  2 ball pythons
  5 giant cockroaches
  5 goblins
  10 hobgoblins
  4 jackals (D:1)
  9 kobolds
  A quokka (D:4)
  5 bats
  3 giant newts
  16 rats
85 creatures vanquished.

Notes
Turn   | Place    | Note
--------------------------------------------------------------
     0 | D:1      | Heini, the Hill Orc Fighter, began the quest for the Orb.
     0 | D:1      | Reached XP level 1. HP: 19/19 MP: 1/1
   159 | D:1      | Reached skill level 4 in Fighting
   181 | D:1      | Reached XP level 2. HP: 25/27 MP: 2/2
   610 | D:1      | Reached XP level 3. HP: 29/34 MP: 3/3
  1401 | D:2      | Reached XP level 4. HP: 22/41 MP: 4/4
  1967 | D:3      | Reached XP level 5. HP: 44/47 MP: 5/5
  2032 | D:3      | Reached skill level 5 in Armour
  2638 | D:3      | Reached skill level 5 in Fighting
  3318 | D:4      | Noticed a slave
  3450 | D:4      | Noticed an ogre
  3454 | D:4      | Found Elushrack's Weapon Shop.
  3471 | D:4      | Slain by an ogre

Action                   |  1- 3 |  4- 6 || total
-------------------------+-------+-------++-------
Melee: War axe           |   136 |   155 ||   291
  Use: Scroll            |     3 |     7 ||    10
       Potion            |       |     1 ||     1
